 Dungeon Crawl Stone Soup version 0.18.1-8-gdd0e5ea (webtiles) character file.

35 deorigin the Twirler (level 3, 0/27 HPs)
             Began as a Demonspawn Gladiator on May 24, 2016.
             Slain by Sigmund
             ... wielding a +0 scythe
              (11 damage)
             ... on level 2 of the Dungeon.
             The game lasted 00:02:20 (601 turns).

deorigin the Twirler (Demonspawn Gladiator)          Turns: 601, Time: 00:02:21

Health: 0/27       AC:  7    Str: 15    XL:     3   Next: 17%
Magic:  3/3        EV: 11    Int:  9    God:
Gold:   48         SH:  0    Dex: 14    Spells: 0 memorised, 2 levels left

rFire  . . .     SeeInvis .     a - +0 quarterstaff
rCold  . . .     Gourm    .     i - +0 ring mail
rNeg   . . .     Faith    .     (shield currently unavailable)
rPois  .         Spirit   .     c - +0 helmet
rElec  .         Dismiss  .     g - +0 cloak
rCorr  .         Reflect  .     (no gloves)
SustAt .         Harm     .     (no boots)
MR     .....                    (no amulet)
Stlth  ++........               (no ring)
                                (no ring)

@: not resistant to hostile enchantments, unstealthy
A: nightstalker 1
a: no special abilities


You were on level 2 of the Dungeon.
You were not hungry.

You visited 1 branch of the dungeon, and saw 2 of its levels.

You collected 48 gold pieces.

Inventory:

Hand Weapons
 a - a +0 quarterstaff (weapon)
Missiles
 d - a throwing net (quivered)
 k - 2 tomahawks
Armour
 b - a +0 leather armour
 c - a +0 helmet (worn)
 g - a +0 cloak (worn)
 i - a +0 ring mail (worn)
Jewellery
 o - an uncursed ring of wizardry {unknown}
Scrolls
 e - a scroll of random uselessness {unknown}
 h - a scroll of noise {unknown}
 l - 3 scrolls of blinking {unknown}
 p - a scroll of amnesia {unknown}
 q - a scroll of enchant armour {unknown}
 r - a scroll of identify {unknown}
Potions
 j - a potion of curing {unknown}
 n - a potion of resistance {unknown}
Comestibles
 f - a bread ration
 m - a chunk of flesh


   Skills:
 - Level 2.0 Fighting
 + Level 3.3 Staves
 - Level 1.7 Throwing
 * Level 1.5 Armour
 - Level 2.6 Dodging


You had 2 spell levels left.
You didn't know any spells.

Dungeon Overview and Level Annotations

Branches:
Dungeon (2/15)

Altars:

Annotations:
D:2 Sigmund


Innate Abilities, Weirdness & Mutations

You are slightly more attuned to the shadows.


Message History

You sock Sigmund!
Sigmund is heavily wounded.
Sigmund casts a spell.
Sigmund flickers and vanishes!
Deactivating autopickup; reactivate with Ctrl-A.
Something wriggles in the net.
You barely miss something. You hit something.
You hear some strange, mumbled words.
Something tries to affect you, but you resist.
Something wriggles in the net.
You hit something. You hit something but do no damage.
Something wriggles in the net.
All of a sudden the net rips apart!
You hit something but do no damage. Something hits you but does no damage.
You hit something but do no damage. Something hits you!
You miss something. You hit something. Something hits you.
You hit something. Something hits you!
You die...

.#################
### ......<.......
..# ..
.######.#####
##.##.#
....#.#######...#.#
#.......).......#
#.###..####.....#
##> #..# ##.#..#
#..###..#####.#..#
#(.{@.........#..#
#....##...#####..#
####?##..... ....#
#.##..........# ..#
...######.# ###
...# #.# ..#


There were no monsters in sight!

Vanquished Creatures
  2 dart slugs
  2 giant geckos (D:1)
  A giant cockroach (D:1)
  2 goblins (D:1)
  2 hobgoblins (D:1)
  7 jackals (D:1)
  3 kobolds
  5 bats
  2 rats (D:1)
26 creatures vanquished.

Notes
Turn   | Place    | Note
--------------------------------------------------------------
     0 | D:1      | deorigin the Demonspawn Gladiator began the quest for the Orb.
     0 | D:1      | Reached XP level 1. HP: 16/16 MP: 1/1
   110 | D:1      | Reached skill level 3 in Staves
   111 | D:1      | Gained mutation: You are slightly more attuned to the shadows. [demonic ancestry]
   111 | D:1      | Reached XP level 2. HP: 20/22 MP: 2/2
   132 | D:1      | Reached skill level 1 in Armour
   488 | D:1      | Reached XP level 3. HP: 25/27 MP: 3/3
   584 | D:2      | Noticed Sigmund
   601 | D:2      | Slain by Sigmund

Skill      XL: |  1  2 |
---------------+-------+-----
Staves         | 3 |  3.3
Armour         | 1 |  1.5
Fighting       | |  2.0
Throwing       | |  1.7
Dodging        | |  2.6

Action                   || total
-------------------------++-------
Melee: Quarterstaff      ||    98
Throw: Throwing net      ||     2
 Stab: Sleeping          ||     2
Armor: Ring mail         ||    62
Dodge: Dodged            ||    59
